 Dungeon Crawl Stone Soup version 0.21.1-1-g345015f (webtiles) character file.

131994 xccam the Bludgeoner (level 16, -1/147 HPs)
             Began as a Minotaur Monk on Mar 10, 2018.
             Was the Champion of Ru.
             Slain by a lorocyproca (25 damage)
             ... on level 2 of the Abyss.
             The game lasted 01:10:43 (23975 turns).

xccam the Bludgeoner (Minotaur Monk)               Turns: 23975, Time: 01:10:43

Health: -1/147     AC: 18    Str: 20      XL:     16   Next: 26%
Magic:  5/15       EV: 19    Int:  6 (7)  God:    Ru [******]
Gold:   2133       SH: 15    Dex: 16      Spells: 15/15 levels left

rFire    + + .     SeeInvis .   U - +0 eveningstar
rCold    + . .     Gourm    .   S - +0 shield {reflect}
rNeg     . . .     Faith    .   V - +0 swamp dragon scales
rPois    +         Spirit   .   j - +2 hat
rElec    .         Reflect  +   P - +2 cloak "Puob" {rF+ Slay+3}
rCorr    .         Harm     .   (no gloves)
MR       +....                  b - +0 pair of boots
Stlth    ..........             I - +3 amulet of reflection
HPRegen  0.74/turn              F - ring of protection from fire
MPRegen  0.14/turn              i - ring of protection from cold

@: exhausted, no scrolls, drained
A: retaliatory headbutt, horns 2, regeneration 1, subdued magic 1, inability to
read while threatened, no stealth, inability to use devices, no conjurations
magic, no hexes magic, no ice magic, unskilled 1, sturdy frame 1
}: 1/15 runes: decaying
a: Draw Out Power, Power Leap, Apocalypse, Renounce Religion


You were on level 2 of the Abyss.
You worshipped Ru.
Ru was exalted by your worship.
You were not hungry.

You visited 5 branches of the dungeon, and saw 25 of its levels.
You visited the Abyss 1 time.
You also visited: Sewer.

You collected 2373 gold pieces.
You spent 240 gold pieces at shops.

Inventory:

Hand Weapons
 y - a +0 great mace
 U - a +0 eveningstar (weapon)
Armour
 b - a +0 pair of boots (worn)
 j - a +2 hat (worn)
 G - a +0 plate armour
 P - the +2 cloak "Puob" (worn) {rF+ Slay+3}
   (You found it on level 4 of the Lair of Beasts)

   It affects your accuracy and damage with ranged weapons and melee attacks
   (+3).
   It protects you from fire.
 S - a +0 shield of reflection (worn)
 V - +0 swamp dragon scales (worn)
Jewellery
 i - a ring of protection from cold (right hand)
 n - an uncursed ring of positive energy
 r - an uncursed ring of resist corrosion
 D - an uncursed ring of protection from cold
 F - a ring of protection from fire (left hand)
 I - a +3 amulet of reflection (around neck)
 L - an uncursed amulet of magic regeneration
 Q - an uncursed ring of see invisible
 R - an uncursed ring of protection from cold
 Z - an uncursed ring of protection from magic
Scrolls
 e - a scroll of holy word
 k - 4 scrolls of magic mapping
 l - a scroll of enchant armour
 o - 7 scrolls of teleportation
 s - 7 scrolls of fear
 A - 11 scrolls of remove curse
 B - 4 scrolls of identify
 J - 2 scrolls of amnesia
 K - 2 scrolls of enchant weapon
 N - a scroll of blinking
 W - a scroll of silence
 X - a scroll of summoning
Potions
 a - 2 potions of ambrosia
 d - 2 potions of might
 g - 4 potions of curing
 h - 2 potions of lignification
 m - 3 potions of cancellation
 p - 8 potions of brilliance
 q - 3 potions of agility
 u - a potion of flight
 v - 2 potions of haste
 w - a potion of mutation
 x - a potion of invisibility
Comestibles
 c - 24 rations


   Skills:
 + Level 14.8(14.3) Fighting
 - Level 17.7(17.2) Maces & Flails
 + Level 14.4(14.0) Armour
 - Level 12.9(12.5) Dodging
 * Level 9.4(9.1) Shields


You had 15 spell levels left.
You didn't know any spells.

Dungeon Overview and Level Annotations

Branches:
Dungeon (12/15)            Temple (1/1) D:7            Lair (6/6) D:8
  Swamp (4/4) Lair:4        Snake (0/4) Lair:4        Slime (0/5) Lair:5
    Orc (2/2) D:12            Elf (0/3) Orc:2

Altars:
Ashenzari
Cheibriados
Dithmenos
Elyvilon
Fedhas
Gozag
Hepliaklqana
Kikubaaqudgha
Makhleb
Nemelex Xobeh
Okawaru
Qazlal
Ru
Sif Muna
Trog
Uskayaw
Vehumet
Wu Jian
Xom
Zin
The Shining One

Shops:
D:5 *   D:8 !   D:9 [   Orc:2 %%?=

Annotations:
Orc:2 Maurice


Innate Abilities, Weirdness & Mutations

You reflexively headbutt those who attack you in melee.
You have a pair of horns on your head.
You cannot read scrolls while threatened.
You cannot be stealthy.
You cannot study or use magical devices.
You cannot study or cast Conjurations magic.
You cannot study or cast Hexes magic.
You cannot study or cast Ice magic.
You are somewhat unskilled. (-1 Apt)
Your natural rate of healing is unusually fast.
Your spells are a little easier to cast, but a little less powerful.
Your movements are slightly less encumbered by armour. (ER -2)


Message History

Unknown command.
You are restored by drawing out deep reserves of power within.
You feel drained. Something hits you!!
* * * LOW HITPOINT WARNING * * *
You feel your power leaking away.
You are confused.
You feel invigorated. Something closely misses you. Something hits you.
* * * LOW HITPOINT WARNING * * *
You feel your power leaking away.
You're too confused to move!
Something hits you!
* * * LOW HITPOINT WARNING * * *
You feel your power leaking away.
You're too confused to move!
You feel less invigorated.
You feel less confused.
You redirect something's attack!
You barely miss something. You headbutt something. You hit something.
You headbutt something. You block something's attack.
You miss something. You headbutt something. Something hits you!!
You die...

# ## .#.#
.#. ...#
#... X.# ..#
....# #
#.#.#. # .
##### #....#
..# ...###.#
..
####.#.#@#
.# # # .#.
#X.....# .#
##
..#...#.#..#
..##..#
..#.. .. .
.#.. #.#....
..#.... # .#
........#..
#.. # ..
....##.. .#.
#
.....#.#...#
.##. . . ...
$. .## .#


You could see a tentacled starspawn (wandering).

Vanquished Creatures
  Rupert (Lair:3)
  A tentacled starspawn (Abyss:2)
  Gastronok (Lair:2)
  Roxanne (Swamp:1)
  2 thorn hunters
  Kirke (Lair:6)
  Donald (Swamp:1)
  Snorg (Orc:1)
  An ettin (Orc:1)
  Josephine (Orc:1)
  A fire dragon (Lair:6)
  The ghost of dscm the Cleaver, a journeyman DsFi of Uskayaw (Lair:1)
  Harold (Lair:2)
  A ghost crab (Swamp:4)
  16 hydras
  Erica (D:9)
  15 two-headed ogres
  2 ogre magi (Orc:2)
  7 alligators
  A thrashing horror (Abyss:2)
  A spriggan berserker (Swamp:4)
  Sonja (Lair:2)
  A titan skeleton (Abyss:2)
  12 swamp dragons
  2 spriggan druids
  An unseen horror (Abyss:2)
  2 lindwurms
  A deep troll (Orc:2)
  3 shambling mangroves
  An ugly thing (D:11)
  2 orc sorcerers
  3 cyclopes
  3 large abominations (Abyss:2)
  8 black mambas
  A rust devil (Abyss:2)
  4 elephants (Lair:5)
  15 spiny frogs
  3 molten gargoyles (Lair:6)
  The ghost of Mirai the Chopper, a novice DsFi (D:8)
  A kobold demonologist (D:11)
  A rime drake (Lair:4)
  A centaur skeleton (D:12)
  An efreet (Abyss:2)
  9 komodo dragons
  2 polar bears
  10 trolls
  9 hornets
  The ghost of Gobbopathe the Ducker, a novice SpAr of Ru (D:5)
  11 bog bodies
  6 tyrant leeches
  4 blink frogs (Lair:3)
  19 slime creatures
  5 dream sheep (Lair:4)
  11 hippogriffs
  An ice dragon skeleton (Abyss:2)
  Sigmund (D:3)
  2 ynoxinuls (Abyss:2)
  44 yaks
  6 spriggans
  4 wyverns
  4 wraiths (Orc:1)
  2 hogs (Lair:6)
  A neqoxec (Abyss:2)
  7 basilisks
  2 steam dragons
  10 vampire mosquitoes
  2 hungry ghosts
  3 nagas (Lair:4)
  4 wargs
  5 hell hounds (Lair:6)
  14 swamp worms
  7 insubstantial wisps
  15 water moccasins
  10 porcupines
  Purgy (D:4)
  3 small abominations (Abyss:2)
  3 ice beasts
  16 swamp drakes
  3 sky beasts
  14 orc warriors
  8 necrophages
  3 phantoms
  2 black bears
  24 ogres
  13 wolves
  8 centaurs
  16 crocodiles
  13 bullfrogs
  A big kobold (D:11)
  A wyvern zombie (D:8)
  4 scorpions
  5 killer bees (D:9)
  5 wights (D:8)
  7 howler monkeys
  6 jellies
  5 crimson imps
  4 lava snakes (Lair:6)
  2 quasits
  3 bullfrog zombies
  16 orc wizards
  Crazy Yiuf (D:7)
  14 orc priests
  6 hounds
  3 bullfrog skeletons
  An iron imp (Abyss:2)
  6 iguanas
  9 worker ants
  4 hound skeletons
  A worker ant zombie (D:9)
  A howler monkey skeleton (D:9)
  7 adders
  A shadow imp (D:10)
  3 oozes
  An adder zombie (D:9)
  2 adder skeletons (D:4)
  A worm (D:5)
  A dart slug (D:1)
  5 leopard geckos
  54 orcs
  6 giant cockroaches
  13 goblins
  6 hobgoblins
  14 jackals
  5 kobolds
  4 quokkas
  4 ball pythons
  7 bats
  7 frilled lizards
  A quokka skeleton (D:8)
  6 rats
  A briar patch (Swamp:2)
  4 fungi (Lair:6)
  5 plants (Lair:6)
747 creatures vanquished.

Vanquished Creatures (others)
  2 hydras
  A deep troll (Orc:2)
  A spiny frog (Lair:4)
  A komodo dragon (Lair:6)
  A hornet (Swamp:3)
  A troll (Orc:2)
  A tyrant leech (Swamp:1)
  A bog body (Swamp:1)
  A slime creature (Swamp:1)
  A human (Lair:6)
  A swamp worm (Swamp:1)
  A swamp drake (Swamp:1)
  A lava snake (Lair:6)
  An orc wizard (Orc:1)
  2 briar patches (Swamp:2)
  4 fungi
  7 plants
  2 starspawn tentacles (Abyss:2)
30 creatures vanquished.

Grand Total: 777 creatures vanquished

Notes
Turn   | Place    | Note
-------+----------+-------------------------------------------
     0 | D:1      | xccam the Minotaur Monk began the quest for the Orb.
     0 | D:1      | Reached XP level 1. HP: 19/19 MP: 0/0
    33 | D:1      | Reached skill level 4 in Maces & Flails
    36 | D:1      | Reached XP level 2. HP: 23/26 MP: 1/1
   204 | D:1      | Reached skill level 5 in Maces & Flails
   244 | D:1      | Reached XP level 3. HP: 25/31 MP: 2/2
   724 | D:2      | Found a hazy altar of Hepliaklqana.
   727 | D:2      | Reached skill level 6 in Maces & Flails
   727 | D:2      | Reached XP level 4. HP: 38/39 MP: 3/3
   920 | D:3      | Found a sparkling altar of Nemelex Xobeh.
  1294 | D:3      | Noticed Sigmund
  1361 | D:3      | Killed Sigmund
  1361 | D:3      | Reached skill level 8 in Maces & Flails
  1361 | D:3      | Reached XP level 5. HP: 5/45 MP: 4/4
  1361 | D:3      | Reached XP level 6. HP: 6/51 MP: 5/5
  2327 | D:3      | Found a glowing silver altar of Zin.
  2444 | D:4      | Reached skill level 9 in Maces & Flails
  2548 | D:4      | Got a smoking ring mail
  2559 | D:4      | Identified the +1 ring mail of Imperfection {*Corrode rPois rF++} (You found it on level 4 of the Dungeon)
  2638 | D:4      | Found a shadowy altar of Dithmenos.
  2685 | D:4      | Reached XP level 7. HP: 24/57 MP: 6/6
  2707 | D:4      | HP: 2/57 [poisoned by a worker ant]
  2713 | D:4      | HP: 2/57 [poisoned by a worker ant]
  2721 | D:4      | HP: 1/57 [poisoned by a worker ant]
  3085 | D:4      | Noticed Purgy
  3092 | D:4      | Reached skill level 10 in Maces & Flails
  3102 | D:4      | Killed Purgy
  3439 | D:5      | Entered Level 5 of the Dungeon
  3454 | D:5      | Reached skill level 11 in Maces & Flails
  3513 | D:5      | Noticed Gobbopathe's ghost (novice SpAr)
  3523 | D:5      | Killed Gobbopathe's ghost
  3523 | D:5      | Reached XP level 8. HP: 51/64 MP: 7/7
  3542 | D:5      | Reached skill level 12 in Maces & Flails
  3633 | D:5      | Found a glowing golden altar of the Shining One.
  4155 | D:5      | Reached skill level 13 in Maces & Flails
  4446 | D:5      | Found Afrutteh's General Store.
  4824 | D:6      | Found a burning altar of Makhleb.
  4901 | D:6      | Found a shattered altar of Ashenzari.
  4953 | D:6      | Found a hide-covered altar of Uskayaw.
  4973 | D:6      | Reached XP level 9. HP: 24/70 MP: 8/8
  5043 | D:6      | Found a glowing drain.
  5047 | Sewer    | Entered a sewer
  5122 | Sewer    | Reached skill level 14 in Maces & Flails
  5453 | D:7      | Gained mutation: Your natural rate of healing is unusually fast. [potion of mutation]
  5453 | D:7      | Gained mutation: Your spells are a little easier to cast, but a little less powerful. [potion of mutation]
  5453 | D:7      | Gained mutation: Your movements are slightly less encumbered by armour. (ER -2) [potion of mutation]
  5636 | D:7      | Reached skill level 1 in Armour
  5654 | D:7      | Found a sparkling altar of Nemelex Xobeh.
  5656 | D:7      | Found a shattered altar of Ashenzari.
  5656 | D:7      | Found a shimmering altar of Xom.
  5658 | D:7      | Found a shattered altar of Ashenzari.
  5658 | D:7      | Found a blossoming altar of Fedhas.
  5658 | D:7      | Found a burning altar of Makhleb.
  5680 | D:7      | Found a staircase to the Ecumenical Temple.
  5715 | Temple   | Entered the Ecumenical Temple
  5754 | Temple   | Became a worshipper of Ru the Awakened
  5763 | Temple   | Gained mutation: You cannot study or use magical devices. [Ru sacrifice]
  5763 | Temple   | Reached * piety under Ru
  5763 | Temple   | Reached ** piety under Ru
  5799 | D:7      | Noticed a two-headed ogre
  5805 | D:7      | Killed a two-headed ogre
  5805 | D:7      | Reached skill level 5 in Fighting
  6029 | D:7      | Found a runed door.
  6186 | D:7      | Noticed Crazy Yiuf
  6192 | D:7      | Killed Crazy Yiuf
  6231 | D:8      | Reached skill level 5 in Dodging
  6278 | D:8      | Reached XP level 10. HP: 51/83 MP: 9/9
  6442 | D:8      | Found a staircase to the Lair.
  6524 | D:8      | Found Wuolaoq's Distillery.
  6589 | D:8      | Bought a potion of curing for 45 gold pieces
  6589 | D:8      | Bought a potion of curing for 45 gold pieces
  6589 | D:8      | Bought a potion of haste for 150 gold pieces
  6605 | D:8      | Noticed Mirai's ghost (novice DsFi)
  6620 | D:8      | Killed Mirai's ghost
  6620 | D:8      | Reached skill level 5 in Armour
  6737 | D:8      | Reached skill level 15 in Maces & Flails
  6957 | D:8      | Noticed a two-headed ogre
  7042 | D:8      | Killed a two-headed ogre
  7818 | D:9      | Noticed a two-headed ogre
  7830 | D:9      | Killed a two-headed ogre
  7870 | D:9      | Gained mutation: You cannot study or cast Ice magic. [Ru sacrifice]
  7870 | D:9      | Gained mutation: You cannot study or cast Hexes magic. [Ru sacrifice]
  7870 | D:9      | Gained mutation: You cannot study or cast Conjurations magic. [Ru sacrifice]
  7870 | D:9      | Reached *** piety under Ru
  7876 | D:9      | Found Xeotib's Antique Armour Shop.
  8040 | D:9      | Noticed Erica
  8056 | D:9      | Killed Erica
  8056 | D:9      | Reached XP level 11. HP: 14/94 MP: 10/10
  8196 | D:9      | You fall through a shaft!
  8196 | D:10     | Entered Level 10 of the Dungeon
  8739 | D:9      | Found a shimmering altar of Xom.
  9769 | D:11     | Gained mutation: You are somewhat unskilled. (-1 Apt) [Ru sacrifice]
  9769 | D:11     | Reduced skill Maces & Flails to level 14
  9769 | D:11     | Reached **** piety under Ru
  9769 | D:11     | Reached ***** piety under Ru
  9782 | D:11     | Noticed a purple ugly thing
  9793 | D:11     | Killed a purple ugly thing
 10430 | D:12     | Noticed a two-headed ogre
 10436 | D:12     | Killed a two-headed ogre
 10436 | D:12     | Reached skill level 15 in Maces & Flails
 10495 | D:12     | Noticed a two-headed ogre
 10706 | D:12     | Found a staircase to the Orcish Mines.
 10855 | D:12     | Killed a two-headed ogre
 11054 | Lair:1   | Entered Level 1 of the Lair of Beasts
 11103 | Lair:1   | Reached XP level 12. HP: 100/104 MP: 11/11
 11512 | Lair:1   | Noticed dscm's ghost (journeyman DsFi)
 11607 | Lair:1   | HP: 5/105 [dscm's ghost (5)]
 11613 | Lair:1   | Killed dscm's ghost
 12065 | Lair:2   | Noticed Sonja
 12189 | Lair:2   | Noticed Gastronok
 12198 | Lair:2   | Noticed a four-headed hydra
 12542 | Lair:2   | Killed a four-headed hydra
 12638 | Lair:2   | Killed Gastronok
 12638 | Lair:2   | Reached skill level 10 in Fighting
 12782 | Lair:2   | Noticed Harold
 12793 | Lair:2   | Killed Harold
 13161 | Lair:2   | Killed Sonja
 13161 | Lair:2   | Reached skill level 10 in Armour
 13882 | Lair:3   | Reached skill level 16 in Maces & Flails
 13889 | Lair:3   | Reached skill level 10 in Dodging
 13889 | Lair:3   | Reached XP level 13. HP: 78/115 MP: 8/12
 14236 | Lair:3   | Noticed Rupert
 14250 | Lair:3   | Paralysed by Rupert for 6 turns
 14259 | Lair:3   | Killed Rupert
 14545 | Lair:4   | Got a heavily runed cloak
 14546 | Lair:4   | Identified the +2 cloak "Puob" {rF+ Slay+3} (You found it on level 4 of the Lair of Beasts)
 14702 | Lair:4   | Found a staircase to the Swamp.
 14972 | Lair:4   | Found a staircase to the Snake Pit.
 15554 | Lair:5   | Gained mutation: You cannot read scrolls while threatened. [Ru sacrifice]
 15879 | Lair:5   | Found a staircase to the Slime Pits.
 16074 | Lair:6   | Entered Level 6 of the Lair of Beasts
 16074 | Lair:6   | Noticed Kirke
 16083 | Lair:6   | Killed Kirke
 16364 | Lair:6   | Reached XP level 14. HP: 118/126 MP: 13/13
 16503 | Lair:6   | Gained mutation: You cannot be stealthy. [Ru sacrifice]
 16503 | Lair:6   | Reached ****** piety under Ru
 16860 | Lair:6   | Found a large runed door.
 16861 | Lair:6   | Found a large runed door.
 17756 | Orc:1    | Entered Level 1 of the Orcish Mines
 17760 | Orc:1    | Noticed Josephine
 17788 | Orc:1    | Killed Josephine
 17956 | Orc:1    | Reached skill level 17 in Maces & Flails
 18216 | Orc:2    | Entered Level 2 of the Orcish Mines
 18293 | Orc:2    | Found a staircase to the Elven Halls.
 18677 | Orc:2    | Found Orgh's Jewellery Shoppe.
 18793 | Orc:2    | Found Lyqatim's Food Emporium.
 18818 | Orc:2    | Found Felom's Food Shop.
 18827 | Orc:2    | Found Yduag's Magic Scroll Emporium.
 19099 | Orc:2    | Noticed Maurice
 19400 | Orc:1    | Noticed Snorg
 19406 | Orc:1    | Killed Snorg
 19746 | Swamp:1  | Entered Level 1 of the Swamp
 19754 | Swamp:1  | Noticed Donald
 19765 | Swamp:1  | Killed Donald
 19765 | Swamp:1  | Reached XP level 15. HP: 64/136 MP: 8/14
 20001 | Swamp:1  | Reached skill level 1 in Shields
 20021 | Swamp:1  | Noticed Roxanne
 20923 | Swamp:1  | Killed Roxanne
 21178 | Swamp:2  | Noticed a thorn hunter
 21213 | Swamp:2  | Killed a thorn hunter
 21990 | Swamp:3  | Reached skill level 5 in Shields
 22620 | Swamp:4  | Entered Level 4 of the Swamp
 23217 | Swamp:4  | Noticed a thorn hunter
 23234 | Swamp:4  | Killed a thorn hunter
 23234 | Swamp:4  | Reached XP level 16. HP: 63/147 MP: 10/15
 23577 | Swamp:4  | Got a decaying rune of Zot
 23705 | Swamp:4  | Cast into level 2 of the Abyss (spriggan)
 23901 | Abyss:2  | Noticed a tentacled starspawn
 23913 | Abyss:2  | Killed a tentacled starspawn
 23975 | Abyss:2  | Slain by a lorocyproca

Skill      XL: |  1  2  3  4  5  6  7  8  9 10 11 12 13 14 15 16 |
---------------+-------------------------------------------------+-----
Maces & Flails | 4 5 6 8 9 11 13 14 15 15 16 17 | 17.7
Armour         | 4 7 8 10 11 13 14 | 14.4
Fighting       | 5 8 9 10 12 13 14 | 14.8
Dodging        | 5 7 8 10 11 12 | 12.9
Stealth        | 0 |  0.0
Shields        | 8 9 |  9.4

Action                   |  1- 3 |  4- 6 |  7- 9 | 10-12 | 13-15 | 16-18 || total
-------------------------+-------+-------+-------+-------+-------+-------++-------
Melee: Mace              |    72 |   115 |   255 |       |       |       ||   442
       Headbutt          |    15 |    11 |    72 |   187 |   265 |    50 ||   600
       Morningstar       |       |       |    79 |   784 |   254 |       ||  1117
       Great mace        |       |       |       |       |   419 |       ||   419
       Unarmed           |       |       |       |       |    20 |       ||    20
       Eveningstar       |       |       |       |       |   487 |   153 ||   640
Invok: Sacrifice Artific |       |       |     1 |       |       |       ||     1
       Sacrifice Arcana  |       |       |       |     1 |       |       ||     1
       Power Leap        |       |       |       |    14 |    25 |     3 ||    42
       Sacrifice Skill   |       |       |       |     1 |       |       ||     1
       Apocalypse        |       |       |       |     1 |     3 |       ||     4
       Reject Sacrifices |       |       |       |     1 |       |       ||     1
       Sacrifice Words   |       |       |       |       |     1 |       ||     1
       Sacrifice Stealth |       |       |       |       |     1 |       ||     1
       Draw Out Power    |       |       |       |       |       |     1 ||     1
  Use: Potion            |       |     5 |     6 |     8 |     9 |     4 ||    32
       Scroll            |       |     5 |     7 |     4 |    14 |       ||    30
 Stab: Sleeping          |     2 |     2 |       |       |       |       ||     4
       Distracted        |       |       |       |     6 |     8 |     1 ||    15
       Paralysed         |       |       |       |    18 |     8 |       ||    26
       Invisible         |       |       |       |     8 |    19 |     4 ||    31
       Confused          |       |       |       |       |     1 |       ||     1
  Eat: Chunk             |       |     6 |     5 |     9 |    17 |       ||    37
       Ration            |       |       |     2 |     5 |     4 |     1 ||    12
Armor: Leather armour    |     8 |    21 |       |       |       |       ||    29
       Skin              |       |    12 |       |       |       |       ||    12
       Ring mail         |       |    10 |    42 |       |       |       ||    52
       Chain mail        |       |       |   123 |     4 |       |       ||   127
       Plate armour      |       |       |       |   344 |   408 |       ||   752
       Swamp dragon scal |       |       |       |       |    63 |    54 ||   117
Dodge: Dodged            |    63 |    76 |   146 |   271 |   586 |    84 ||  1226
Block: Other             |       |       |       |    27 |    64 |       ||    91
       Reflection        |       |       |       |       |     3 |       ||     3
       Shield            |       |       |       |       |   276 |    94 ||   370
